 Dungeon Crawl Stone Soup version 0.27.1-34-g3ba077fa99 (webtiles) character file.

Game seed: 8956747446099732378

394 shadowrider38 the Shield-Bearer (level 6, -1/53 HPs)
             Began as a Gnoll Fighter on Jan 2, 2022.
             Succumbed to an orc's poison
             ... on level 4 of the Dungeon.
             The game lasted 00:05:42 (4579 turns).

shadowrider38 the Shield-Bearer (Gnoll Fighter)     Turns: 4579, Time: 00:05:42

Health: -1/53      AC: 13    Str: 17    XL:     6   Next: 82%
Magic:  9/9        EV:  4    Int:  7    God:
Gold:   226        SH: 10    Dex: 12    Spells: 9/9 levels left

rFire    . . .     SeeInvis .   a - +0 war axe
rCold    . . .     Faith    .   c - +0 kite shield
rNeg     . . .     Spirit   .   e - +0 plate armour
rPois    .         Reflect  .   (no helmet)
rElec    .         Harm     .   (no cloak)
rCorr    .         Rampage  .   (no gloves)
Will     .....                  (no boots)
Stlth    ..........             (no amulet)
HPRegen  0.17/turn              (no ring)
MPRegen  0.11/turn              (no ring)

@: lethally poisoned (-1 -> -20), attractive
A: fangs 1, strong nose, distributed training
a: no special abilities


You were on level 4 of the Dungeon.
You visited 1 branch of the dungeon, and saw 4 of its levels.

You collected 226 gold pieces.

Inventory:

Hand Weapons
 a - a +0 war axe (weapon)
 r - the +4 dagger "Luinu" {antimagic, +Blink rC+ Str+5}
   (You found it on level 4 of the Dungeon)

   It reduces the magical energy of the wielder, and disrupts the spells and
   magical abilities of those it strikes.
   Natural abilities and divine invocations are not affected.
   Str:       It affects your strength (+5).
   rC:        It protects you from cold.
   +Blink:    It lets you blink.
Missiles
 f - 43 stones (quivered)
 h - a throwing net
 j - 15 poisoned darts
 p - 4 boomerangs
Armour
 c - a +0 kite shield (worn)
 e - a +0 plate armour (worn)
Wands
 q - a wand of flame (16)
Scrolls
 b - a scroll of teleportation {unknown}
 i - 3 scrolls of identify {unknown}
 l - a scroll of magic mapping {unknown}
 m - 3 scrolls of amnesia {unknown}
 s - a scroll of brand weapon {unknown}
Potions
 d - 2 potions of might
 k - 2 potions of brilliance {unknown}
 n - a potion of flight {unknown}
 o - a potion of curing {unknown}


   Skills:
 + Level 6.9 Fighting
 + Level 2.1 Short Blades
 + Level 2.1 Long Blades
 + Level 5.0 Axes
 + Level 2.1 Maces & Flails
 + Level 2.1 Polearms
 + Level 2.1 Staves
 + Level 2.1 Slings
 + Level 2.1 Bows
 + Level 2.1 Crossbows
 + Level 2.1 Throwing
 + Level 6.9 Armour
 + Level 2.1 Dodging
 + Level 2.1 Stealth
 + Level 6.9 Shields
 + Level 2.1 Unarmed Combat
 + Level 2.1 Spellcasting
 + Level 1.7 Conjurations
 + Level 1.7 Hexes
 + Level 1.7 Summonings
 + Level 1.7 Necromancy
 + Level 1.7 Translocations
 + Level 1.7 Transmutations
 + Level 1.7 Fire Magic
 + Level 1.7 Ice Magic
 + Level 1.7 Air Magic
 + Level 1.7 Earth Magic
 + Level 1.7 Poison Magic
 + Level 2.3 Invocations
 + Level 2.1 Evocations


You had 9 spell levels left.
You didn't know any spells.
Your spell library contained the following spells:

 Spells                   Type           Power      Damage    Failure   Level
 Animate Skeleton         Necr           6%         N/A       100%        1
 Pain                     Necr           12%        1d4       100%        1
 Shock                    Conj/Air       12%        1d3       100%        1
 Stone Arrow              Conj/Erth      6%         3d7       100%        3
 Swiftness                Air            3%         N/A       100%        3
 Vampiric Draining        Necr           1%         2d6       100%        3
 Airstrike                Air            1%         N/A       100%        4
 Bolt of Magma            Conj/Fire/Erth 1%         4d4       100%        5
 Borgnjor's Revivificati  Necr           1%         N/A       100%        8
 Necromutation            Tmut/Necr      1%         N/A       100%        8
 Death's Door             Necr           1%         N/A       100%        9
 Shatter                  Erth           1%         3d6*      100%        9


Dungeon Overview and Level Annotations

Branches:
Dungeon (4/15)             Temple (0/1) D:4

Altars:
Elyvilon
Kikubaaqudgha


Innate Abilities, Weirdness & Mutations

You have very sharp teeth.
Your uncanny sense of smell can sniff out nearby items.
Your experience applies equally to all skills.


Message History

An orc priest and an orc wizard come into view.
The orc priest is wielding a +0 dagger and wearing a +1 ring mail of willpower.
The orc priest shouts!
The orc priest mumbles some strange prayers to Beogh against you.
You barely resist.
The orc priest looks encouraged for a moment.
The orc priest mumbles some strange prayers to Beogh against you.
Beogh smites you!
You barely miss the orc. The orc hits you but does no damage.
You are poisoned.
You feel very sick. You block the orc wizard's attack.
The orc priest hits you with a +0 hand axe.
The orc hits you but does no damage.
You are more poisoned.
You barely miss the orc priest. You completely miss the orc.
You hit the orc wizard but do no damage.
You feel very sick. You block the orc wizard's attack.
The orc priest hits you but does no damage.
The orc hits you with a +2 whip of venom.
You are more poisoned.
The orc wizard hits you with a +0 dagger.
You feel very sick. You block the orc's attack.
You closely miss the orc priest. You hit the orc.
* * * LOW HITPOINT WARNING * * *
You feel very sick.
The orc priest looks braver for a moment.
The orc hits you but does no damage.
You are lethally poisoned!
The orc wizard gestures wildly while chanting.
The orc wizard flickers and vanishes!
Deactivating autopickup; reactivate with Ctrl-A.
The orc priest mumbles some strange prayers to Beogh against you.
Pain shoots through your body!
* * * LOW HITPOINT WARNING * * *
It was a potion of attraction.
You feel attractive to monsters.
You die...

#..#
#..###########
#..##.........
#......######
##.###.# #.#
#.# #.# #.#
..###.#
####o@#
##o######..
####
#.o.oo.....
z.z.
#.{######..
#..# #..# #..#
#..# #..#


You could see 2 orc priests and an orc.

Vanquished Creatures
  2 wights (D:4)
  A hound (D:4)
  A jelly (D:4)
  An orc priest (D:3)
  An orc wizard (D:3)
  A hound skeleton (D:4)
  6 gnolls
  5 adders
  2 worms
  2 dart slugs
  5 orcs (D:3)
  4 ball pythons
  4 endoplasms
  2 giant cockroaches (D:1)
  2 goblins (D:2)
  6 hobgoblins
  4 jackals
  4 kobolds
  4 quokkas
  6 bats
  2 frilled lizards
  6 rats
71 creatures vanquished.

Vanquished Creatures (others)
  10 plants (D:1)
10 creatures vanquished.

Grand Total: 81 creatures vanquished

Notes
Turn   | Place    | Note
-------+----------+-------------------------------------------
     0 | D:1      | shadowrider38 the Gnoll Fighter began the quest for the
                  | Orb.
     0 | D:1      | Reached XP level 1. HP: 23/23 MP: 1/1
   199 | D:1      | Reached XP level 2. HP: 29/29 MP: 2/2
   566 | D:2      | Reached XP level 3. HP: 35/35 MP: 2/4
   618 | D:2      | Reached skill level 1 in Invocations
   782 | D:1      | Reached skill level 1 in Short Blades
   782 | D:1      | Reached skill level 1 in Long Blades
   782 | D:1      | Reached skill level 1 in Maces & Flails
   782 | D:1      | Reached skill level 1 in Polearms
   782 | D:1      | Reached skill level 1 in Staves
   782 | D:1      | Reached skill level 1 in Slings
   782 | D:1      | Reached skill level 1 in Bows
   782 | D:1      | Reached skill level 1 in Crossbows
   782 | D:1      | Reached skill level 1 in Throwing
   782 | D:1      | Reached skill level 1 in Dodging
   782 | D:1      | Reached skill level 1 in Stealth
   782 | D:1      | Reached skill level 1 in Unarmed Combat
   782 | D:1      | Reached skill level 1 in Spellcasting
   782 | D:1      | Reached skill level 1 in Evocations
   782 | D:1      | Reached XP level 4. HP: 21/41 MP: 5/5
  1721 | D:2      | Reached skill level 1 in Conjurations
  1721 | D:2      | Reached skill level 1 in Hexes
  1721 | D:2      | Reached skill level 1 in Summonings
  1721 | D:2      | Reached skill level 1 in Necromancy
  1721 | D:2      | Reached skill level 1 in Translocations
  1721 | D:2      | Reached skill level 1 in Transmutations
  1721 | D:2      | Reached skill level 1 in Fire Magic
  1721 | D:2      | Reached skill level 1 in Ice Magic
  1721 | D:2      | Reached skill level 1 in Air Magic
  1721 | D:2      | Reached skill level 1 in Earth Magic
  1721 | D:2      | Reached skill level 1 in Poison Magic
  2433 | D:3      | Reached XP level 5. HP: 47/47 MP: 5/7
  2985 | D:3      | Found a white marble altar of Elyvilon.
  4001 | D:4      | Reached XP level 6. HP: 37/53 MP: 8/8
  4121 | D:4      | Found a staircase to the Ecumenical Temple.
  4156 | D:4      | Identified the +4 dagger "Luinu" {antimagic, +Blink rC+
                  | Str+5}
  4190 | D:4      | Reached skill level 5 in Axes
  4391 | D:4      | Found an ancient bone altar of Kikubaaqudgha.
  4579 | D:4      | Succumbed to an orc's poison

Illustrated notes

Levels and vault maps discovered:
D:1:      scummos_arrival_simple_crosswalls, layout_rooms, serial_park_tiny_1,
          serial_bayou_lagoon_a, minmay_bisected
D:2:      layout_loops_ring, minmay_ruptured
D:3:      minmay_door_path, layout_basic, mainiacjoe_overflow_paths,
          kennysheep_nub
D:4:      layout_loops_ring, nicolae_overflow_hidden_temple,
          minmay_temple_entry_offerings, minmay_liquid_box

Skill      XL: |  1  2  3  4  5  6 |
---------------+-------------------+-----
Invocations    | 1 2 |  2.3
Short Blades   | 1 2 |  2.1
Long Blades    | 1 2 |  2.1
Maces & Flails | 1 2 |  2.1
Polearms       | 1 2 |  2.1
Staves         | 1 2 |  2.1
Slings         | 1 2 |  2.1
Bows           | 1 2 |  2.1
Crossbows      | 1 2 |  2.1
Throwing       | 1 2 |  2.1
Dodging        | 1 2 |  2.1
Stealth        | 1 2 |  2.1
Unarmed Combat | 1 2 |  2.1
Spellcasting   | 1 2 |  2.1
Evocations     | 1 2 |  2.1
Conjurations   | 1 |  1.7
Hexes          | 1 |  1.7
Summonings     | 1 |  1.7
Necromancy     | 1 |  1.7
Translocations | 1 |  1.7
Transmutations | 1 |  1.7
Fire Magic     | 1 |  1.7
Ice Magic      | 1 |  1.7
Air Magic      | 1 |  1.7
Earth Magic    | 1 |  1.7
Poison Magic   | 1 |  1.7
Axes           | 5 |  5.0
Fighting       | |  6.9
Armour         | |  6.9
Shields        | |  6.9

Action                   |  1- 3 |  4- 6 || total
-------------------------+-------+-------++-------
Melee: War axe           |    93 |   177 ||   270
       Bite              |    11 |    23 ||    34
Throw: Stone             |       |     4 ||     4
  Use: Potion            |       |     1 ||     1
Armor: Plate armour      |    60 |   108 ||   168
       Scale mail        |    10 |       ||    10
Dodge: Dodged            |    25 |    25 ||    50
Block: Kite shield       |    61 |   107 ||   168
